[Event "Titled Tuesday Blitz May 23 Late 2023"]
[White "Kisic, Bozidar"]
[Black "Rozman, Levy"]
[WhiteFideId "16500350"]
[BlackFideId "2039877"]
[WhiteElo "2234"]
[BlackElo "2376"]
[Result "0-1"]
[Round "08"]
[TimeControl "180+2"]
[Date "2023.05.23"]
[WhiteClock "0:00:14"]
[BlackClock "0:00:05"]

1. d4 g6 2. Nc3 Bg7 3. Bf4 d6 4. Qd2 a6 5. h3 b5 6. a3 Bb7 7. Nf3 Nd7 8. e4 e6 9. Be2 Ne7 10. h4 h6 11. O-O-O Nf6 12. Bd3 Ng4 13. Nh2 Nxh2 14. Rxh2 Bxd4 15. Bxb5+ axb5 16. Qxd4 e5 17. Bxe5 Nc6 18. Qd5 Nxe5 19. Qxb7 Rb8 20. Qd5 b4 21. axb4 Rxb4 22. Qa5 Qb8 23. Nd5 Rxb2 24. Nxc7+ Kf8 25. Qa8 Kg7 26. Qxb8 Rhxb8 27. Kd2 Rc8 28. Kc1 Ra2 29. Kb1 Ra5 30. Nd5 Nc4 31. c3 Rb8+ 32. Kc2 Ra2+ 33. Kd3 Nb2+ 34. Ke2 Nxd1+ 35. Kxd1 Rb1# 0-1


[Site "https://www.chess.com"]

[Event "Titled Tuesday Blitz May 23 Late 2023"]
[White "Sivakumar, Shaaketh"]
[Black "Hasangatin, Ramil"]
[WhiteFideId "30940176"]
[BlackFideId "4122160"]
[WhiteElo "2174"]
[BlackElo "2279"]
[Result "1-0"]
[Round "08"]
[TimeControl "180+2"]
[Date "2023.05.23"]
[WhiteClock "0:01:57"]
[BlackClock "0:00:06"]

1. e4 d5 2. exd5 Qxd5 3. Nc3 Qd6 4. d4 Nf6 5. Nf3 c6 6. g3 Bg4 7. Bf4 Qb4 8. Rb1 Ne4 9. Bg2 Nxc3 10. bxc3 Qxc3+ 11. Qd2 Qxd2+ 12. Nxd2 Bc8 13. Nb3 Nd7 14. Na5 Nb6 15. Nxc6 e6 16. O-O Be7 17. Na5 Nd5 18. Bxd5 exd5 19. Nxb7 Bf5 20. Rfe1 Kd7 21. Na5 Bf6 22. Rb7+ Kc8 23. Rc7+ Kb8 24. Nc6# 1-0


[Site "https://www.chess.com"]

[Event "Titled Tuesday Blitz May 23 Late 2023"]
[White "Kuznetsov, Felix"]
[Black "Musovic, Armin"]
[WhiteFideId "34147990"]
[BlackFideId "939935"]
[WhiteElo "2281"]
[BlackElo "2322"]
[Result "1-0"]
[Round "08"]
[TimeControl "180+2"]
[Date "2023.05.23"]
[WhiteClock "0:00:07"]
[BlackClock "0:00:10"]

1. f4 Nh6 2. Nf3 g6 3. g3 d5 4. Bg2 Bg7 5. O-O c5 6. d3 d4 7. e4 dxe3 8. c3 Ng4 9. Qe2 Bf5 10. Ne1 Nc6 11. h3 Nf2 12. g4 Bxd3 13. Qxe3 Bxf1 14. Kxf1 Nd1 15. Qe2 O-O 16. Nd2 Nxc3 17. bxc3 Bxc3 18. Rb1 Nd4 19. Qd3 Bxd2 20. Bxd2 Ne6 21. Rxb7 c4 22. Qxd8 Raxd8 23. Be3 c3 24. Rxa7 Rd2 25. Rxe7 Rxa2 26. f5 c2 27. Bd5 Ra1 28. Ke2 gxf5 29. Nxc2 Ra5 30. gxf5 Rxd5 31. fxe6 fxe6 32. Rxe6 Rh5 33. Nd4 Rxh3 34. Re7 h6 35. Ne6 Rf7 36. Re8+ Kh7 37. Nf8+ Kg7 38. Bd4+ Rf6 39. Nd7 Rh2+ 40. Kd3 Rh3+ 41. Kc4 Rh4 42. Nxf6 Kf7 43. Ra8 Rh1 44. Ra7+ Ke6 45. Ra6+ Kf5 46. Kd5 h5 47. Ne4 h4 48. Rf6+ Kg4 49. Nf2+ Kg3 50. Nxh1+ Kh2 51. Rh6 h3 52. Nf2 Kg2 53. Rxh3 Kf1 54. Ke4 Ke2 55. Rg3 Kf1 56. Ke3 Ke1 57. Rg1# 1-0


[Site "https://www.chess.com"]

[Event "Titled Tuesday Blitz May 23 Late 2023"]
[White "Szpar, Milosz"]
[Black "Deviprasath, Sharvesh"]
[WhiteFideId "1184989"]
[BlackFideId "30938228"]
[WhiteElo "2434"]
[BlackElo "2168"]
[Result "0-1"]
[Round "08"]
[TimeControl "180+2"]
[Date "2023.05.23"]
[WhiteClock "0:02:20"]
[BlackClock "0:01:57"]

1. d4 Nf6 2. Bf4 c5 3. d5 Qb6 4. Nc3 Qxb2 5. Bd2 Qb6 6. g4 h6 7. h4 d6 8. f3 e6 9. e4 exd5 10. exd5 Be7 11. Nh3 Nbd7 12. g5 hxg5 13. hxg5 Nh5 14. Nf4 g6 15. Nxh5 gxh5 16. f4 a6 17. Rxh5 Rxh5 18. Qxh5 Nf8 19. Bd3 c4 20. Bxc4 Qg1+ 21. Bf1 Qg3+ 22. Kd1 Bg4+ 23. Qxg4 Qxg4+ 24. Kc1 Ng6 25. Be2 Qg1+ 26. Kb2 Qd4 27. Bd3 b5 28. Re1 b4 29. Re4 bxc3+ 30. Bxc3 Rb8+ 31. Kc1 Qxc3 0-1


[Site "https://www.chess.com"]

[Event "Titled Tuesday Blitz May 23 Late 2023"]
[White "ArrestingPieces"]
[Black "Weetik, Vjacheslav"]
[BlackFideId "4153472"]
[WhiteElo "2490"]
[BlackElo "2469"]
[Result "1-0"]
[Round "08"]
[TimeControl "180+2"]
[Date "2023.05.23"]
[WhiteClock "0:00:36"]
[BlackClock "0:00:01"]

1. d4 Nf6 2. Nf3 e6 3. Bf4 d5 4. c3 c5 5. e3 Bd6 6. Nbd2 O-O 7. Bg3 Qc7 8. Bd3 Nbd7 9. Bxd6 Qxd6 10. dxc5 Nxc5 11. Bc2 Qc7 12. Qe2 b6 13. O-O Ba6 14. c4 dxc4 15. Nxc4 Rac8 16. b3 Nce4 17. Rfc1 Bxc4 18. bxc4 Qxc4 19. Qxc4 Rxc4 20. Bxe4 Rxe4 21. a4 Nd5 22. a5 h6 23. Nd4 bxa5 24. Rxa5 Ra8 25. h3 Nf6 26. Rc7 a6 27. Rc6 g6 28. g3 Nd5 29. Kg2 Ne7 30. Rc7 Nd5 31. Rb7 Nf6 32. Kf3 e5 33. Nc6 Rc4 34. Nxe5 Rc2 35. Nxf7 Rf8 36. Nxh6+ Kh8 37. Rf7 Rxf7 38. Nxf7+ Kg7 39. Ne5 Rc7 40. Rxa6 Nd5 41. Rxg6+ 1-0


[Site "https://www.chess.com"]

[Event "Titled Tuesday Blitz May 23 Late 2023"]
[White "Przybylski, Wojciech"]
[Black "Tejedor Fuente, Enrique"]
[WhiteFideId "1117599"]
[BlackFideId "2299100"]
[WhiteElo "2222"]
[BlackElo "2496"]
[Result "1/2-1/2"]
[Round "08"]
[TimeControl "180+2"]
[Date "2023.05.23"]
[WhiteClock "0:00:03"]
[BlackClock "0:00:01"]

1. e4 d6 2. d4 e5 3. Nf3 Nd7 4. Bc4 c6 5. Nc3 Be7 6. dxe5 dxe5 7. Ng5 Bxg5 8. Qh5 g6 9. Qxg5 Qxg5 10. Bxg5 f6 11. Be3 b5 12. Be2 a5 13. a4 b4 14. Nb1 Ba6 15. Nd2 Bxe2 16. Kxe2 Ne7 17. Nc4 c5 18. Nd6+ Kf8 19. Rad1 Nc6 20. c3 Ke7 21. Nb5 Rhc8 22. Rd5 bxc3 23. bxc3 Na7 24. Rhd1 Rd8 25. Nxa7 Rxa7 26. Bxc5+ Nxc5 27. Rxd8 Nxa4 28. Rc8 Nb6 29. Rc6 Nd7 30. Ra1 a4 31. Ra3 f5 32. Rc4 Nb6 33. Rb4 Ra6 34. c4 Kd6 35. Kd3 fxe4+ 36. Kc3 g5 37. Rb5 Nd7 38. Kb4 Rc6 39. Rd5+ Ke6 40. Rxa4 Rxc4+ 41. Kxc4 Nb6+ 42. Kb5 Nxd5 43. Ra6+ Kf5 44. Kc5 Nf4 45. Ra8 Ke6 46. Re8+ Kf6 47. g3 Nd3+ 48. Kd5 Kf7 49. Ra8 Nxf2 50. Kxe5 Kg6 51. Kd4 Kh5 52. Ra7 h6 53. Ra6 Ng4 54. Kxe4 Nxh2 55. Kf5 Ng4 56. Re6 Nf2 57. Re2 Nh3 58. Rh2 g4 59. Re2 Ng5 60. Re1 Nh3 61. Rd1 Ng5 62. Rh1+ Nh3 63. Rf1 Nf2 64. Kf6 Ne4+ 65. Kg7 Nxg3 66. Rg1 Ne4 67. Kf7 Kg5 68. Ke6 h5 69. Ke5 Nd2 70. Rd1 Nf3+ 71. Ke4 h4 72. Rd5+ Kg6 73. Kf4 Nh2 74. Rd6+ Kh5 75. Rd5+ Kh6 76. Rd6+ Kh5 77. Rd8 g3 78. Rh8+ Kg6 79. Rg8+ Kf7 80. Rxg3 hxg3 81. Kxg3 1/2-1/2


[Site "https://www.chess.com"]

[Event "Titled Tuesday Blitz May 23 Late 2023"]
[White "Blitz"]
[Black "Amburgy, Ryan"]
[BlackFideId "30924820"]
[WhiteElo "2481"]
[BlackElo "2134"]
[Result "1/2-1/2"]
[Round "08"]
[TimeControl "180+2"]
[Date "2023.05.23"]
[WhiteClock "0:01:45"]
[BlackClock "0:02:42"]

1. d4 Nf6 2. Nc3 d5 3. Bf4 e6 4. Nb5 Na6 5. e3 Be7 6. Bd3 c6 7. Nc3 Nb4 8. Be2 c5 9. a3 Nc6 10. Nb5 O-O 11. Nc7 Rb8 12. Nb5 Ra8 13. Nc7 Rb8 14. Nb5 Ra8 1/2-1/2


[Site "https://www.chess.com"]

[Event "Titled Tuesday Blitz May 23 Late 2023"]
[White "Bilan, Danila"]
[Black "NikaVolkov"]
[WhiteFideId "24161918"]
[WhiteElo "2182"]
[BlackElo "2627"]
[Result "0-1"]
[Round "08"]
[TimeControl "180+2"]
[Date "2023.05.23"]
[WhiteClock "0:00:00"]
[BlackClock "0:01:58"]

1. d4 d5 2. Nf3 e6 3. g3 Nf6 4. Bg2 Be7 5. O-O O-O 6. c4 dxc4 7. Qa4 a6 8. Qxc4 b5 9. Qc2 Bb7 10. Bf4 Nd5 11. Nbd2 Nd7 12. Ne5 Rc8 13. Nc6 Qe8 14. Nxe7+ Qxe7 15. Ne4 Nxf4 16. gxf4 Bxe4 17. Bxe4 c5 18. dxc5 Rxc5 19. Qd2 Nf6 20. Bf3 Rd8 21. Qa5 g5 22. Rac1 Rxc1 23. Rxc1 g4 24. Bg2 Qd6 25. e3 Qd2 26. Qxd2 Rxd2 27. Bb7 a5 28. Rb1 h5 29. a3 b4 30. axb4 axb4 31. b3 Nd7 32. Ba6 Nc5 33. Bc4 Ne4 34. Rf1 Rb2 35. Ra1 Nxf2 36. Ra5 h4 37. Rg5+ Kf8 38. Rh5 h3 0-1


[Site "https://www.chess.com"]

[Event "Titled Tuesday Blitz May 23 Late 2023"]
[White "Melikyan, Gnel"]
[Black "Toniutti, Ezio"]
[WhiteFideId "54109990"]
[BlackFideId "113034"]
[WhiteElo "2138"]
[BlackElo "2215"]
[Result "1-0"]
[Round "08"]
[TimeControl "180+2"]
[Date "2023.05.23"]
[WhiteClock "0:00:10"]
[BlackClock "0:00:11"]

1. e4 e5 2. Nf3 Nc6 3. d4 exd4 4. Nxd4 Bc5 5. Nxc6 Qf6 6. Qf3 dxc6 7. Nc3 Be6 8. Qg3 Bd4 9. Be2 Ne7 10. O-O h6 11. Nd1 O-O-O 12. c3 Bb6 13. a4 a5 14. Kh1 Qg6 15. Qxg6 Nxg6 16. f4 f5 17. e5 Ne7 18. Ne3 g5 19. Nc4 g4 20. Nxb6+ cxb6 21. Be3 Kc7 22. Bd4 c5 23. Be3 h5 24. Rab1 Bb3 25. Ra1 h4 26. Ra3 Bd5 27. b4 h3 28. Rc1 hxg2+ 29. Kg1 c4 30. bxa5 bxa5 31. Bf2 Nc6 32. Ra2 Be4 33. Rb2 Rd7 34. Bb6+ Kc8 35. Bf2 Rdh7 36. Bg3 Rh3 37. Kf2 Rxh2 38. Bxh2 Rxh2 39. Rg1 Ne7 40. Bxc4 Ng6 41. e6 Kd8 42. Rd2+ Ke7 43. Rd7+ Kf6 44. Rf7# 1-0


[Site "https://www.chess.com"]

[Event "Titled Tuesday Blitz May 23 Late 2023"]
[White "Goroshkov, Maksym"]
[Black "Kielinkei"]
[WhiteFideId "14142716"]
[WhiteElo "2322"]
[BlackElo "2464"]
[Result "1-0"]
[Round "08"]
[TimeControl "180+2"]
[Date "2023.05.23"]
[WhiteClock "0:01:25"]
[BlackClock "0:00:00"]

1. e4 c5 2. d4 cxd4 3. c3 Nf6 4. e5 Nd5 5. Bc4 e6 6. cxd4 d6 7. exd6 Bxd6 8. Nf3 O-O 9. O-O Nc6 10. Nc3 Be7 11. Be3 b6 12. Bxd5 exd5 13. Ne5 Nxe5 14. dxe5 Bb7 15. Rc1 Bc5 16. Nb5 Bxe3 17. fxe3 Ba6 18. a4 Bxb5 19. axb5 Qd7 20. Rc6 Rac8 21. Qc2 a6 22. Rc1 Rce8 23. bxa6 Rxe5 24. Rc8 Ree8 25. Rxe8 Rxe8 26. Qc6 Qe7 27. h3 Qxe3+ 28. Kh1 Qe6 29. a7 Qxc6 30. Rxc6 d4 31. Rxb6 d3 32. Rb8 1-0


[Site "https://www.chess.com"]

[Event "Titled Tuesday Blitz May 23 Late 2023"]
[White "Rodriguez, Santiago"]
[Black "Gubajdullin, Alexei"]
[WhiteFideId "3000591"]
[BlackFideId "4141202"]
[WhiteElo "2249"]
[BlackElo "2279"]
[Result "0-1"]
[Round "08"]
[TimeControl "180+2"]
[Date "2023.05.23"]
[WhiteClock "0:00:48"]
[BlackClock "0:02:04"]

1. d4 Nf6 2. Bg5 e6 3. e4 h6 4. Bxf6 Qxf6 5. c3 d6 6. Bd3 Nc6 7. Ne2 h5 8. O-O h4 9. f4 g5 10. e5 Qg7 11. Nd2 gxf4 12. Nxf4 dxe5 13. dxe5 Nxe5 14. Ne4 Bd7 15. Nh5 Rxh5 16. Qxh5 O-O-O 17. Bc2 Bc6 18. Rf2 Bxe4 19. Bxe4 Bc5 20. Rf1 Rd2 21. Qxh4 Ng4 0-1


[Site "https://www.chess.com"]

[Event "Titled Tuesday Blitz May 23 Late 2023"]
[White "Filgueira, Hernan"]
[Black "Mackster23"]
[WhiteFideId "101770"]
[WhiteElo "2363"]
[BlackElo "2453"]
[Result "1-0"]
[Round "08"]
[TimeControl "180+2"]
[Date "2023.05.23"]
[WhiteClock "0:00:35"]
[BlackClock "0:00:00"]

1. c4 Nf6 2. Nc3 e5 3. Nf3 Nc6 4. a3 d5 5. cxd5 Nxd5 6. Qc2 Be7 7. e3 Be6 8. Bb5 f6 9. d4 Nxc3 10. bxc3 O-O 11. O-O exd4 12. cxd4 Nb8 13. Bd3 f5 14. Bc4 Qd6 15. Qb3 Bxc4 16. Qxc4+ Kh8 17. Ne5 Qf6 18. Qxc7 Bd6 19. Qxb7 Bxe5 20. Qxa8 Nc6 21. Qb7 Bd6 22. Rb1 Ne7 23. Qf3 Ng6 24. g3 Qg5 25. Rb7 Nh4 26. Qh1 Qg4 27. Qd5 Nf3+ 28. Kg2 Ng5 29. f3 Qh3+ 30. Kg1 Bxg3 31. Rb2 Bc7 32. Rg2 h6 33. Qc5 Rf7 34. Qd5 Rf8 35. Bd2 Rf6 36. Qa8+ Kh7 37. f4 Ne4 38. Bc1 Bd6 39. Qb7 Rg6 40. Rxg6 Kxg6 41. Qb2 Kh5 42. Qg2 Qh4 43. Qf3+ Kg6 44. Qg2+ Kf6 45. d5 Nc3 46. Bb2 1-0


[Site "https://www.chess.com"]

[Event "Titled Tuesday Blitz May 23 Late 2023"]
[White "Tomiello, Mateus Costamilan"]
[Black "Arnold, Ken"]
[WhiteFideId "22701958"]
[BlackFideId "2056836"]
[WhiteElo "1990"]
[BlackElo "2429"]
[Result "1-0"]
[Round "08"]
[TimeControl "180+2"]
[Date "2023.05.23"]
[WhiteClock "0:00:42"]
[BlackClock "0:00:14"]

1. e4 c6 2. d4 d5 3. Nc3 dxe4 4. Nxe4 Nd7 5. Ng5 Ndf6 6. Bc4 e6 7. Ne2 h6 8. Nf3 Bd6 9. O-O Ne7 10. Bf4 Ned5 11. Bxd6 Qxd6 12. Ne5 O-O 13. c3 Nd7 14. Nf3 Rd8 15. Ng3 Nf8 16. Ne4 Qe7 17. a4 b6 18. a5 Bb7 19. a6 Bc8 20. Qc2 Bd7 21. Ne5 Rac8 22. Rfd1 Be8 23. b4 Nf6 24. Nxf6+ Qxf6 25. Qb3 c5 26. bxc5 bxc5 27. Qb7 cxd4 28. cxd4 Rb8 29. Qxa7 Rb2 30. Rf1 Rd2 31. Nf3 Rc2 32. Bd3 Rc3 33. Be4 g5 34. h3 h5 35. Qb7 g4 36. hxg4 hxg4 37. Nh2 g3 38. Nf3 gxf2+ 39. Rxf2 Rxf3 40. Bxf3 Qxd4 41. Ra2 Rd7 42. Qe4 Qxe4 43. Bxe4 Ra7 44. Rfb2 1-0


[Site "https://www.chess.com"]

[Event "Titled Tuesday Blitz May 23 Late 2023"]
[White "Vadim_Galchenko"]
[Black "Eugene, Floryan"]
[BlackFideId "20694784"]
[WhiteElo "2429"]
[BlackElo "2369"]
[Result "0-1"]
[Round "08"]
[TimeControl "180+2"]
[Date "2023.05.23"]
[WhiteClock "0:00:00"]
[BlackClock "0:00:09"]

1. e4 c5 2. a3 Nf6 3. e5 Nd5 4. Nc3 Nxc3 5. dxc3 Nc6 6. Nf3 e6 7. Bf4 h6 8. h4 b6 9. Qd2 Bb7 10. Rh3 Qc7 11. h5 O-O-O 12. O-O-O Rg8 13. Rg3 Ne7 14. Bd3 c4 15. Be2 Nf5 16. Rg4 d5 17. exd6 Bxd6 18. Bxd6 Rxd6 19. Qe1 b5 20. Rxd6 Qxd6 21. Nd4 Nxd4 22. Rxd4 Qe5 23. g3 Rd8 24. Rxd8+ Kxd8 25. Qd2+ Qd5 26. Qe3 a6 27. Qd4 e5 28. Qxd5+ Bxd5 29. Kd2 Ke7 30. Ke3 f5 31. f4 Kf6 32. Bd1 Be4 33. Kd2 exf4 34. gxf4 g6 35. b3 gxh5 36. Bxh5 Ke6 37. Be2 Kd5 38. Bh5 Bg2 39. Ke3 Bh3 40. Bf7+ Kc5 41. b4+ Kd6 42. Kf2 Bg4 43. Kg3 Bd1 44. Kh4 Bxc2 45. Kh5 Ke7 46. Bg8 Kf8 47. Be6 Kg7 48. Bc8 Bd1+ 49. Kh4 Kg6 50. Bxa6 Ba4 51. Bc8 Bc2 52. Bd7 Ba4 53. Be8+ Kg7 54. Kg3 Kf8 55. Bc6 Ke7 56. Kh4 Kd6 57. Bf3 Bc2 58. Kh5 Be4 59. Be2 Kd5 60. Kxh6 Bg2 61. Kg5 Ke4 62. Bh5 Kd3 63. Be8 Be4 64. Bxb5 Kxc3 65. Ba4 Kb2 66. b5 Kxa3 67. Bd1 Kb2 68. b6 c3 69. b7 Bxb7 70. Kxf5 Bf3 71. Ba4 Bc6 72. Bd1 Bd5 73. Ba4 Bb3 0-1


[Site "https://www.chess.com"]

[Event "Titled Tuesday Blitz May 23 Late 2023"]
[White "Veiga, Jose Francisco R P Neves"]
[Black "Zaitsev, Alexander"]
[WhiteFideId "1930087"]
[BlackFideId "4164490"]
[WhiteElo "2320"]
[BlackElo "2373"]
[Result "0-1"]
[Round "08"]
[TimeControl "180+2"]
[Date "2023.05.23"]
[WhiteClock "0:00:05"]
[BlackClock "0:00:04"]

1. d4 Nf6 2. Nf3 e6 3. Bf4 c5 4. e3 Nc6 5. Nc3 cxd4 6. Nb5 d6 7. exd4 a6 8. Na3 d5 9. Nb1 Qb6 10. Bc1 Bd6 11. c3 O-O 12. Bd3 e5 13. dxe5 Nxe5 14. Nxe5 Bxe5 15. O-O Bg4 16. Qb3 Qc7 17. h3 Be6 18. Qa4 Rfe8 19. Nd2 h6 20. Nf3 Bd6 21. Be3 Ne4 22. Rad1 Rad8 23. Rfe1 Qc8 24. Bb6 Nc5 25. Bxc5 Bxc5 26. Nd4 Qc7 27. Nxe6 fxe6 28. Qg4 e5 29. Bf5 Qd6 30. Re2 Qf6 31. Qg6 Qxg6 32. Bxg6 Re6 33. Be4 Red6 34. Bc2 e4 35. Bb3 Kh8 36. Kf1 g5 37. a4 Kg7 38. Ba2 Kf6 39. a5 Ke5 40. f3 e3 41. g3 h5 42. Kg2 h4 43. b4 Ba7 44. Rd3 hxg3 45. Kxg3 Kf5 46. Bb1 Kf6 47. Kg2 R6d7 48. Bc2 Ke5 49. Kg3 Rd6 50. Re1 Kf6 51. Kg2 R6d7 52. Bb3 Rd6 53. Red1 Ke5 54. Re1 Kf4 55. Red1 R8d7 56. Re1 d4 57. c4 Rh6 58. c5 Bb8 59. Red1 Be5 60. Re1 Rdh7 61. Be6 Rxe6 62. Rb1 Reh6 63. Rh1 Rh4 64. Rb3 g4 65. fxg4 Ke4 66. Rd1 Rxh3 67. b5 Rg3+ 68. Kf1 Rh1+ 69. Ke2 Rh2+ 70. Kf1 Rh1+ 71. Ke2 Rg2# 0-1


[Site "https://www.chess.com"]

[Event "Titled Tuesday Blitz May 23 Late 2023"]
[White "Kirillov, Dmitry"]
[Black "Sourath Biswas"]
[WhiteFideId "34180572"]
[BlackFideId "35091484"]
[WhiteElo "2161"]
[BlackElo "2171"]
[Result "1-0"]
[Round "08"]
[TimeControl "180+2"]
[Date "2023.05.23"]
[WhiteClock "0:01:01"]
[BlackClock "0:00:00"]

1. e4 c6 2. d4 d5 3. Nc3 dxe4 4. Nxe4 Nf6 5. Nxf6+ exf6 6. c3 Bd6 7. Bd3 O-O 8. Qc2 Re8+ 9. Ne2 h5 10. Be3 Nd7 11. O-O-O Nf8 12. Kb1 Be6 13. c4 Rc8 14. a3 Bb8 15. Nc3 b5 16. cxb5 cxb5 17. Bxb5 Re7 18. d5 Bg4 19. Rc1 Be5 20. Qd3 g6 21. Ka1 Bf5 22. Qd2 Qa5 23. Bc6 Rec7 24. Nb5 Qxd2 25. Bxd2 Re7 26. Bb4 a6 27. Bxe7 axb5 28. Bxb5 Rb8 29. a4 Nd7 30. Rhe1 1-0


[Site "https://www.chess.com"]

[Event "Titled Tuesday Blitz May 23 Late 2023"]
[White "a-z30"]
[Black "Potapova, Margarita"]
[BlackFideId "14126869"]
[WhiteElo "2420"]
[BlackElo "2244"]
[Result "0-1"]
[Round "08"]
[TimeControl "180+2"]
[Date "2023.05.23"]
[WhiteClock "0:00:00"]
[BlackClock "0:00:05"]

1. d3 c5 2. Nf3 d5 3. g3 Nc6 4. Bg2 e5 5. O-O Be7 6. c4 Nf6 7. Bg5 d4 8. Nbd2 O-O 9. a3 h6 10. Bxf6 Bxf6 11. b4 cxb4 12. axb4 Nxb4 13. Qa4 Nc6 14. Rfb1 Be7 15. Ne1 Qc7 16. Nc2 Bd7 17. Qa2 Kh8 18. Nb3 f5 19. Na5 b6 20. Nxc6 Bxc6 21. Bxc6 Qxc6 22. Qa6 Bc5 23. Nb4 Bxb4 24. Rxb4 e4 25. Rb5 f4 26. Rd5 f3 27. exf3 exd3 28. Kg2 Rad8 29. Qb5 Qf6 30. f4 Rde8 31. Rd1 Qe7 32. Rxd4 Rd8 33. R1xd3 Rc8 34. Qd5 a5 35. Qf3 a4 36. Rd7 Qf6 37. Qg4 Rxc4 38. Rb7 Qc6+ 39. Qf3 Qf6 40. Rdd7 Rc3 41. Qd5 Rg8 42. Rbc7 Rxc7 43. Rxc7 Re8 44. Ra7 Rd8 45. Qb5 Qd6 46. Qxa4 Qd5+ 47. Kh3 Qf5+ 48. Kg2 Qd5+ 49. Kh3 Qf3 50. Qb5 Qxf2 51. Qh5 Qd4 52. Qf3 Qf6 53. Ra8 Qf5+ 54. Kg2 Qc2+ 55. Kh3 Rxa8 56. Qxa8+ Kh7 57. Qf3 b5 58. f5 b4 59. f6 gxf6 60. Qxf6 Qc8+ 61. Kh4 Qd7 62. g4 b3 63. g5 hxg5+ 64. Kxg5 b2 65. Qg6+ Kh8 66. Qh6+ Kg8 67. Qf8+ Kxf8 68. Kf6 Qd6+ 69. Kg5 Qb8 70. h4 Qb5+ 71. Kg4 Qb4+ 0-1


[Site "https://www.chess.com"]

[Event "Titled Tuesday Blitz May 23 Late 2023"]
[White "Debray, Christopher"]
[Black "Adewumi, Tanitoluwa"]
[WhiteFideId "630810"]
[BlackFideId "30966396"]
[WhiteElo "2340"]
[BlackElo "2573"]
[Result "0-1"]
[Round "08"]
[TimeControl "180+2"]
[Date "2023.05.23"]
[WhiteClock "0:01:12"]
[BlackClock "0:00:15"]

1. e4 c5 2. Nf3 e6 3. d4 cxd4 4. Nxd4 Nc6 5. Nc3 Qc7 6. g3 a6 7. Bg2 d6 8. O-O Be7 9. Re1 Bd7 10. Nd5 exd5 11. exd5 Ne5 12. f4 Ng6 13. c3 Nf6 14. h4 h5 15. f5 Ne5 16. Bg5 O-O-O 17. Qb3 Rhe8 18. c4 Kb8 19. Rac1 Nfg4 20. Bxe7 Rxe7 21. Nc6+ Bxc6 22. dxc6 Nxc6 23. Red1 Na5 24. Qc3 Qc5+ 25. Qd4 Re1+ 26. Bf1 Qxd4+ 27. Rxd4 Rxc1 28. b4 Nc6 29. Rd2 Ne3 0-1


[Site "https://www.chess.com"]

[Event "Titled Tuesday Blitz May 23 Late 2023"]
[White "Melian, Juan Sebastian"]
[Black "Mickiewicz, Piotr"]
[WhiteFideId "3706575"]
[BlackFideId "1114891"]
[WhiteElo "2092"]
[BlackElo "2246"]
[Result "0-1"]
[Round "08"]
[TimeControl "180+2"]
[Date "2023.05.23"]
[WhiteClock "0:00:03"]
[BlackClock "0:00:47"]

1. d4 Nf6 2. c3 d5 3. Nf3 c5 4. Bg5 Nc6 5. Be3 a5 6. Nbd2 cxd4 7. Nxd4 e5 8. Nxc6 bxc6 9. Bg5 Qb6 10. Qc1 a4 11. g3 Bc5 12. e3 Ng4 13. h3 Nxf2 14. Kxf2 h6 15. Nf3 hxg5 16. Nxe5 Rh6 17. Be2 Rf6+ 18. Nf3 Ra7 19. Kg2 Bxe3 20. Qc2 Re7 21. Bd3 g4 22. hxg4 Bxg4 23. Raf1 Bh6 24. Rh4 Bxf3+ 25. Rxf3 Rxf3 26. Kxf3 Qg1 27. Rxa4 Re3+ 28. Kg4 Qxg3+ 0-1


[Site "https://www.chess.com"]

[Event "Titled Tuesday Blitz May 23 Late 2023"]
[White "Ollier, Pablo"]
[Black "Smiechu"]
[WhiteFideId "652318"]
[WhiteElo "2569"]
[BlackElo "2372"]
[Result "1-0"]
[Round "08"]
[TimeControl "180+2"]
[Date "2023.05.23"]
[WhiteClock "0:00:46"]
[BlackClock "0:00:47"]

1. d4 Nf6 2. c4 c5 3. d5 e6 4. Nc3 exd5 5. cxd5 d6 6. g3 g6 7. Bg2 Bg7 8. Nf3 O-O 9. O-O Re8 10. Bf4 Ne4 11. Nxe4 Rxe4 12. Nd2 Rxf4 13. gxf4 Bxb2 14. Rb1 Bd4 15. e3 Bg7 16. e4 b5 17. e5 a6 18. Re1 Ra7 19. e6 Re7 20. f5 gxf5 21. Qh5 fxe6 22. dxe6 Qf8 23. Bd5 Bb7 24. Bxb7 Rxb7 25. Nf3 Nc6 26. Kh1 Ne5 27. Rg1 Nxf3 28. Qxf3 Kh8 29. Qxb7 1-0


[Site "https://www.chess.com"]

[Event "Titled Tuesday Blitz May 23 Late 2023"]
[White "cryptoguru02"]
[Black "Chakravarthi Reddy, M"]
[BlackFideId "25009532"]
[WhiteElo "2564"]
[BlackElo "2201"]
[Result "1/2-1/2"]
[Round "08"]
[TimeControl "180+2"]
[Date "2023.05.23"]
[WhiteClock "0:00:22"]
[BlackClock "0:00:08"]

1. Nf3 d5 2. g3 g6 3. c4 dxc4 4. Qa4+ Bd7 5. Qxc4 Bc6 6. Bg2 Qd5 7. Qxd5 Bxd5 8. Nc3 Bc6 9. d4 Nf6 10. Bg5 Ne4 11. d5 Nxg5 12. dxc6 Nxf3+ 13. Bxf3 Nxc6 14. Bxc6+ bxc6 15. O-O-O f5 16. Rd3 e5 17. Rhd1 Bd6 18. Na4 Ke7 19. Rc3 c5 20. Nxc5 Rab8 21. b3 Rb5 22. Na4 h5 23. h4 f4 24. Rc4 Rf8 25. Nc3 Ra5 26. a4 fxg3 27. fxg3 Rc5 28. Rxc5 Bxc5 29. Ne4 Be3+ 30. Kc2 Rd8 31. Rxd8 Kxd8 32. Kd3 Bb6 33. b4 a5 34. bxa5 Bxa5 35. Nc5 Ke7 36. Nb3 Be1 37. a5 Kd7 38. a6 Kc6 39. Nc5 Kb6 40. Nd7+ Kxa6 41. Nxe5 Bxg3 42. Nxg6 Kb5 43. e4 c5 44. e5 c4+ 45. Kc3 Be1+ 46. Kc2 Kc6 47. e6 Kd6 48. e7 Kd7 49. Nf4 Bxh4 50. Nxh5 Be1 51. Nf4 Kxe7 52. Nd3 cxd3+ 53. Kxd3 1/2-1/2


[Site "https://www.chess.com"]

[Event "Titled Tuesday Blitz May 23 Late 2023"]
[White "Chen, Ryo"]
[Black "Balla, Tamas-Kristof"]
[WhiteFideId "7003072"]
[BlackFideId "1208497"]
[WhiteElo "2169"]
[BlackElo "2334"]
[Result "0-1"]
[Round "08"]
[TimeControl "180+2"]
[Date "2023.05.23"]
[WhiteClock "0:00:08"]
[BlackClock "0:00:20"]

1. e4 d5 2. exd5 Qxd5 3. Nc3 Qa5 4. d4 Nf6 5. Nf3 c6 6. Bc4 Bf5 7. O-O Nbd7 8. Bd2 e6 9. Nd5 Qd8 10. Nxf6+ Nxf6 11. c3 Bd6 12. Re1 O-O 13. Bg5 h6 14. Bh4 Be7 15. Bg3 c5 16. Qe2 Bg4 17. h3 Bxf3 18. Qxf3 cxd4 19. Rad1 Qb6 20. cxd4 Rad8 21. d5 exd5 22. Rxe7 dxc4 23. Rxd8 Rxd8 24. Rxb7 Qd4 25. Kh2 a5 26. Qf5 Qd5 27. Qxd5 Rxd5 28. Rc7 Rb5 29. Rxc4 Rxb2 30. Ra4 Rb5 31. Bc7 Nd5 32. Bxa5 Rb2 33. Kg3 f5 34. Rd4 Nf6 35. f3 Rxa2 36. Bd8 Nh5+ 37. Kh4 g6 38. g4 fxg4 39. fxg4 Ng7 40. Bf6 g5+ 41. Kg3 Ra3+ 42. Kg2 Ne6 43. Rd7 Nf4+ 44. Kf2 Rxh3 45. Rb7 Nd5 46. Bd4 Rd3 47. Bg7 Rh3 48. Be5 Ne3 49. Ke2 Nxg4 50. Bd4 Ra3 51. Rg7+ Kf8 52. Rb7 Ra4 53. Bc5+ Kg8 54. Bd6 Nf6 55. Be5 Re4+ 0-1


[Site "https://www.chess.com"]

[Event "Titled Tuesday Blitz May 23 Late 2023"]
[White "SergioMoralesG"]
[Black "Martinez Ramirez, Lennis"]
[BlackFideId "3509079"]
[WhiteElo "2467"]
[BlackElo "2410"]
[Result "1-0"]
[Round "08"]
[TimeControl "180+2"]
[Date "2023.05.23"]
[WhiteClock "0:00:15"]
[BlackClock "0:00:42"]

1. d4 Nf6 2. c4 c5 3. d5 e6 4. Nc3 exd5 5. cxd5 d6 6. e4 g6 7. f4 Bg7 8. Bb5+ Nfd7 9. a4 O-O 10. Nf3 Na6 11. O-O Nb4 12. Kh1 a6 13. Bc4 Nb6 14. Be2 Bg4 15. a5 Nd7 16. Be3 Qe7 17. Nd2 Bxe2 18. Qxe2 Nc2 19. Rab1 f5 20. Nc4 Nxe3 21. Qxe3 Rae8 22. Rfe1 Nf6 23. e5 Ng4 24. Qg1 dxe5 25. fxe5 f4 26. d6 Qh4 27. Re2 f3 28. gxf3 Nxe5 29. Nxe5 Rxe5 30. Rbe1 Qf4 31. Rxe5 Bxe5 32. d7 Qxf3+ 33. Qg2 Qxg2+ 34. Kxg2 Bxc3 35. bxc3 Kf7 36. Rf1+ Ke7 37. Rxf8 Kxd7 38. Rf7+ Kc6 39. Rxh7 b5 40. axb6 Kxb6 41. Rh6 Kb5 42. Rxg6 a5 43. Rg8 a4 44. Ra8 Kc4 45. Rxa4+ Kxc3 46. h4 Kb3 47. Ra8 c4 48. Rb8+ Kc2 49. h5 c3 50. h6 Kd3 51. Rd8+ Ke3 52. Rc8 c2 53. Rxc2 Kd3 54. Rc6 Ke4 1-0


[Site "https://www.chess.com"]